 Dungeon Crawl Stone Soup version 0.32-a0-131-g9dbbe29261 (webtiles) character file.

Game seed: 7474153790207212930

76 Dittersdorf the Shield-Bearer (level 4, -6/29 HPs)
             Began as a Gargoyle Fighter on Feb 8, 2024.
             Mangled by Sigmund
             ... wielding a +0 heavy scythe
              (12 damage)
             ... on level 2 of the Dungeon.
             The game lasted 00:01:08 (1112 turns).

Dittersdorf the Shield-Bearer (Gargoyle Fighter)    Turns: 1112, Time: 00:01:08

Health: -6/29      AC: 14    Str: 22    XL:     4   Next: 32%
Magic:  4/4        EV:  9    Int: 14    God:
Gold:   59         SH:  4    Dex:  9    Spells: 3/3 levels left

rFire   . . .        a - +0 flail
rCold   . . .        c - +0 buckler
rNeg    + . .        b - +0 scale mail
rPois   ∞            (no helmet)
rElec   +            (no cloak)
rCorr   .            (no gloves)
SInv    .            (no boots)
Will    .....        (no amulet) Stlth
                     j - +6 ring of intelligence
HPRegen 0.24/turn    l - +4 ring of protection
MPRegen 0.09/turn

%: no passive effects
@: no status effects
A: sickness immunity, AC +3, negative energy resistance 1, electricity
resistance, torment resistance 1, petrification resistance
a: no special abilities


You were on level 2 of the Dungeon.
You visited 1 branch of the dungeon, and saw 2 of its levels.

You collected 59 gold pieces.

Inventory:

Hand Weapons
 a - a +0 flail (weapon)
Armour
 b - a +0 scale mail (worn)
 c - a +0 buckler (worn)
Jewellery
 j - a +6 ring of intelligence (left hand)
 l - a +4 ring of protection (right hand)
 m - the ring "Ywuskezio" {Dex+3 SInv}
   (You took it off a gnoll on level 1 of the Dungeon)

   [ring of see invisible]

   Dex+3:     It affects your dexterity (+3).
   SInv:      It lets you see invisible.
Scrolls
 e - a scroll of enchant weapon {unknown}
 i - a scroll of enchant armour {unknown}
Potions
 d - a potion of might
 f - a potion of berserk rage {unknown}
 g - 2 potions of enlightenment {unknown}
 h - a potion of attraction {unknown}
 k - a potion of mutation {unknown}


   Skills:
 + Level 3.9 Fighting
 + Level 2.8 Maces & Flails
 + Level 3.9 Armour
 + Level 4.0 Shields


You had 3 spell levels left.
You didn't know any spells.
Your spell library was empty.

Dungeon Overview and Level Annotations

Branches:
Dungeon (2/15)

Altars:

Annotations:
D:2 Sigmund


Innate Abilities, Weirdness & Mutations

You are immune to sickness and miasma.
Your stone body is resilient. (AC +3)
You are immune to poison.
You resist negative energy. (rN+)
You are resistant to electric shocks. (rElec)
You are resistant to unholy torment.
You are immune to petrification.


Message History

There is a stone staircase leading down here.
You closely miss the gnoll. The gnoll hits you but does no damage.
You barely miss the gnoll. You block the gnoll's attack.
You hit the gnoll.
The gnoll is lightly wounded.
You block the gnoll's attack. The gnoll hits you with a +0 whip.
You sock the gnoll!
You kill the gnoll!
m - the ring "Ywuskezio" {Dex+3 SInv} You see here a +0 whip.
There is a stone staircase leading down here.
You start resting.
HP restored.
There is a stone staircase leading down here.
You climb downwards.
Level annotation: Sigmund
There is a stone staircase leading up here.
Sigmund shouts!
Sigmund hits you with a +0 heavy scythe!
You sock Sigmund!
Sigmund is moderately wounded.
You barely miss Sigmund.
Sigmund is moderately wounded.
Sigmund hits you but does no damage.
You hit Sigmund.
Sigmund is moderately wounded.
You sock Sigmund!
Sigmund is severely wounded.
Sigmund points at you and mumbles some strange words.
You block the puff of flame.
You completely miss Sigmund.
Sigmund is severely wounded.
Sigmund hits you with a +0 heavy scythe!
Ouch! That really hurt!
* * * LOW HITPOINT WARNING * * *
You hit Sigmund.
Sigmund is almost dead.
Sigmund hits you with a +0 heavy scythe!
You die...
Sigmund begins carving another notch in his scythe.

#.##.##.#....###.........# #.
#..........>..#..........# #.
#....##...##.....##.#..#.# #.
#....).#..####......##.#.#
###.
###..#........#..##....#.#
#... #..###...##.#..##....#.#
#.#. #..#
#.<.##....###.....###)#. #..#
##.............<..#..[#.
#.... #.....@...##........##.
#.##....@.....#........##.
#....).................##.
$#............##...........
#...............##.......[...
#...........######...........
#.......??..# #...........
#...........# #...........
#.......###.#######.......


You could see Sigmund.

Vanquished Creatures
  4 gnolls
  4 orcs (D:2)
  2 giant cockroaches (D:1)
  5 goblins
  A hobgoblin (D:1)
  3 jackals (D:1)
  5 kobolds
  A quokka (D:1)
  A ball python (D:1)
  4 bats
  2 frilled lizards (D:2)
  2 rats (D:1)
34 creatures vanquished.

Notes
Turn   | Place    | Note
-------+----------+-------------------------------------------
     0 | D:1      | Dittersdorf the Gargoyle Fighter began the quest for the
                  | Orb.
     0 | D:1      | Reached XP level 1. HP: 14/14 MP: 1/1
    92 | D:1      | Reached XP level 2. HP: 17/19 MP: 2/2
   765 | D:2      | Reached XP level 3. HP: 23/23 MP: 3/3
   965 | D:2      | Identified the ring "Ywuskezio" {Dex+3 SInv}
   965 | D:2      | Noticed Sigmund
   990 | D:1      | Reached skill level 4 in Shields
   990 | D:1      | Reached XP level 4. HP: 12/29 MP: 4/4
  1112 | D:2      | Mangled by Sigmund

Illustrated notes

Levels and vault maps discovered:
D:1:      dpeg_arrival_pond, layout_loops_ring
D:2:      layout_rooms, lexackson_kobold_supper, uniq_sigmund

Skill      XL: |  1  2  3 |
---------------+----------+-----
Shields        | 4 |  4.0
Fighting       | |  3.9
Maces & Flails | |  2.8
Armour         | |  3.9

Action                     |  1- 3 |  4- 6 || total
---------------------------+-------+-------++-------
  Melee: Flail             |    94 |    10 ||   104
 Armour: Scale mail        |    70 |     8 ||    78
  Dodge: Dodged            |    45 |     1 ||    46
  Block: Buckler           |    18 |     3 ||    21

Table legend: (Time is in decaauts)
 A = Elapsed time spent in this place.
 B = Non-inter-level travel time spent in this place.
 C = Inter-level travel time spent in this place.
 D = Time resting spent in this place.
 E = Time spent auto-exploring this place.
 F = Levels seen in this place.
 G = Mean time per level.
                   A        B        C        D        E       F      G
               +--------+--------+--------+--------+--------+-----+--------+
         Total |   1145 |   1115 |     30 |     85 |    789 |   2 |  572.5 |
       Dungeon |   1145 |   1115 |     30 |     85 |    789 |   2 |  572.5 |
               +--------+--------+--------+--------+--------+-----+--------+

Top non-repeatable levels by time:
     D:1: 857 daAuts
     D:2: 287 daAuts
